 Dungeon Sprint DCSS version 0.20-a0-16-g0876c8e (webtiles) character file.

10200000 packetloss the Axe Maniac (level 27, -12/174 HPs)
             Began as a Spriggan Artificer on Nov 3, 2016.
             Was the Champion of Makhleb.
             Killed from afar by a wretched soul (117 damage)
             ... with a bolt of negative energy
             ... in the Dungeon (Sprint VIII: "Arena of Blood").
             The game lasted 00:02:51 (102 turns).

packetloss the Axe Maniac (Spriggan Artificer)       Turns: 102, Time: 00:02:52

Health: -12/174    AC:  4    Str:  8    XL:     27
Magic:  38/55      EV: 43    Int: 14    God:    Makhleb [******]
Gold:   0          SH:  0    Dex: 28    Spells: 0 memorised, 80 levels left

rFire  . . .     SeeInvis +     m - +∞ Axe of Woe
rCold  . . .     Gourm    .     b - +0 robe
rNeg   . . .     Faith    .     (shield currently unavailable)
rPois  .         Spirit   .     (helmet restricted)
rElec  .         Reflect  .     (no cloak)
rCorr  .         Harm     .     (gloves unavailable)
MR     ++++.     NoTele   +     (boots unavailable)
Stlth  +++++++++.               (no amulet)
                                (no ring)
                                (no ring)

@: drained, very quick
A: unfitting armour, see invisible, herbivore 3, speed 3, slow metabolism 2
a: Minor Destruction, Lesser Servant of Makhleb, Major Destruction, Greater
Servant of Makhleb, Renounce Religion


You were in the Dungeon.
You worshipped Makhleb.
Makhleb was exalted by your worship.
You were not hungry.

You visited 1 branch

Inventory:

Hand Weapons
 a - a +0 short sword
 m - the +∞ Axe of Woe (weapon)
   (You found it in the Dungeon)
Armour
 b - a +0 robe (worn)
Wands
 c - a wand of flame (15/48)
 d - a wand of enslavement (15/24)
 e - a wand of random effects (15/48)
Scrolls
 l - a scroll of blinking {!r}
Potions
 g - a potion of curing
 h - a potion of heal wounds
 i - a potion of haste
 j - 2 potions of magic
 k - a potion of berserk rage {!q}
Comestibles
 f - a bread ration {@e1}


   Skills:
 O Level 27(25.5) Fighting
 O Level 27(25.5) Short Blades
 O Level 27(25.5) Axes
 O Level 27(25.5) Throwing
 O Level 27(25.5) Armour
 O Level 27(25.5) Dodging
 O Level 27(25.5) Stealth
 O Level 27(25.5) Unarmed Combat
 O Level 27(25.5) Spellcasting
 O Level 27(25.5) Invocations
 O Level 27(25.5) Evocations


You had 80 spell levels left.
You didn't know any spells.

Dungeon Overview and Level Annotations

Branches:
Dungeon (1/1)

Altars:
Makhleb


Innate Abilities, Weirdness & Mutations

You are very small and have problems with some larger weapons.
You are too small for most types of armour.
You have supernaturally acute eyesight. (SInv)
You are a herbivore.
You cover ground extremely quickly.
You need consume almost no food.


Message History

The large bag of meat is engulfed in roaring flames.
The accursed appears out of thin air!
An accursed comes into view.
The accursed gestures at you while chanting.
Something smites you!
* * * LOW HITPOINT WARNING * * *
You hear a shout! x2
The meat berserker is engulfed in roaring flames.
The meat berserker rages.
A meat berserker comes into view. It is wielding a +9 battleaxe.
You take 20 damage, and have 51/174 hp.
You slice the large bag of meat!!
You fatally mangle the large bag of meat.
The large bag of meat explodes!
The fiery explosion engulfs the bag of meat.
The bag of meat dies!
The fiery explosion engulfs you!
* * * LOW HITPOINT WARNING * * *
The fiery explosion engulfs the meat berserker. x3
Makhleb accepts your kill.
You feel better.
You slash the meat berserker!
You butcher the meat berserker messily.
You kill the meat berserker!
Makhleb accepts your kill.
You feel better.
You are engulfed in roaring flames.
You hear a shout! x2; You hear a hideous shriek!
You hear a shout! x7
The meat berserker is engulfed in roaring flames.
You hear a shout! x3
The meat beast trumpets, "Flee, thou puking onion-eyed crunchlet!"
The meat berserker rages.
The meat berserker moves out of view.
You hear a shout!
The accursed gestures at you while chanting.
Something smites you!
You hear a shout!
The eight-headed meat hydra calls on the powers of darkness!
The eight-headed meat hydra convulses!
The bag of meat convulses!
The meat berserker convulses!
The bag of meat convulses!
Your body is wracked with pain!
The meat berserker convulses! x2; The observer convulses!
The bag of meat convulses!
A bag of meat comes into view. It is wielding a +9 war axe.
You regained 3 hp, and now have 54/174 hp.
Unknown command.
You slice the meat berserker!!
You fatally mangle the meat berserker.
You kill the meat berserker!
Makhleb accepts your kill.
You slice the bag of meat!!
You cleave the bag of meat in twain.
You kill the bag of meat!
Makhleb accepts your kill.
You feel better.
You are engulfed in roaring flames.
The meat beast is engulfed in roaring flames.
You hear a shout!
The meat berserker is engulfed in roaring flames.
You hear a shout! x4
The meat beast is engulfed in roaring flames.
The meat beast trumpets, "Scamper hence, thou errant fool-born socdollager!"
A bag of meat comes into view. It is wielding a +9 war axe.
You regained 16 hp, and now have 70/174 hp.
Unknown command.
You hit the meat beast.
You slaughter the meat beast joyfully.
You kill the meat beast!
Makhleb accepts your kill.
You feel better.
You hit the meat berserker.
You slaughter the meat berserker joyfully.
You kill the meat berserker!
Makhleb accepts your kill.
You are engulfed in roaring flames.
You hear a shout! x5
The accursed points at you and mumbles some strange words.
Something smites you!
You hear a shout!
The eight-headed meat hydra calls on the powers of darkness!
The eight-headed meat hydra convulses!
The bag of meat convulses!
Your body is wracked with pain!
The meat berserker convulses!
The bag of meat convulses!
The observer convulses!
The meat berserker convulses!
The accursed gestures at you while chanting.
Something smites you!
* * * LOW HITPOINT WARNING * * *
The observer gazes at you. Something smites you!
* * * LOW HITPOINT WARNING * * *
You hear a shout! x3
The observer is engulfed in roaring flames.
You take 36 damage, and have 34/174 hp.
MASSIVE DAMAGE!!
Unknown command.
You slice the dread!!
You hew the dread savagely.
You destroy the dread!
Makhleb accepts your kill.
You feel better.
You are engulfed in roaring flames.
You hear a shout!
The meat berserker is engulfed in roaring flames.
You hear a shout! x2
The wretched soul breathes negative energy at you.
The bolt of negative energy hits you!
You feel drained.
Ouch! That really hurt!
You die...

###############
###..§§@§o%......
.....§O§§..D.....
.%o..§G##.##.####
.....§Oo.Woo..o.o
####WMCo.##.##...
§.O.G§..OMoo...
.Oo.......#.#G..
#...o...M........


You could see 2 accurseds, an eight-headed meat hydra, 3 observers, a large bag
of meat (inner flame), 2 wretched souls, 4 meat berserkers and 8 bags of meat.

Vanquished Creatures
  A hell beast (D)
  A greater mummy (D)
  2 wraiths (D)
  10 vampire knights (D)
  29 ogres (D)
  2 liches (D)
  A hydra (D)
  46 orcs (D)
  A phantom (D)
  7 hill giants (D)
  3 skeletal warriors (D)
  4 large abominations (D)
  3 small abominations (D)
  2 crawling corpses (D)
112 creatures vanquished.

Vanquished Creatures (others)
  2 orcs (D)
  4 crawling corpses (D)
6 creatures vanquished.

Grand Total: 118 creatures vanquished

Notes
Turn   | Place    | Note
-------+----------+-------------------------------------------
     0 | D        | packetloss the Spriggan Artificer began the quest for the Orb.
     0 | D        | Reached XP level 1. HP: 9/9 MP: 4/4
     4 | D        | Became a worshipper of Makhleb the Destroyer
     5 | D        | Noticed a bag of meat
     5 | D        | Noticed a meat berserker
     5 | D        | Noticed a bag of meat
     6 | D        | Noticed a bag of meat
     8 | D        | Noticed a meat berserker
    11 | D        | Noticed a bag of meat
    12 | D        | Noticed a bag of meat
    12 | D        | Noticed a bag of meat
    12 | D        | Noticed a bag of meat
    13 | D        | Noticed a meat berserker
    13 | D        | Noticed a bag of meat
    14 | D        | Noticed a bag of meat
    14 | D        | Noticed a bag of meat
    14 | D        | Noticed a meat berserker
    14 | D        | Killed a meat berserker
    14 | D        | Reached skill level 25 in Axes
    14 | D        | Reached XP level 2. HP: 14/14 MP: 6/6
    14 | D        | Reached XP level 3. HP: 17/17 MP: 7/7
    14 | D        | Reached XP level 4. HP: 21/21 MP: 8/8
    14 | D        | Reached XP level 5. HP: 25/25 MP: 9/9
    14 | D        | Reached XP level 6. HP: 29/29 MP: 10/10
    14 | D        | Reached XP level 7. HP: 32/32 MP: 11/11
    14 | D        | Reached XP level 8. HP: 37/37 MP: 12/12
    14 | D        | Reached XP level 9. HP: 40/40 MP: 13/13
    14 | D        | Reached XP level 10. HP: 44/44 MP: 14/14
    14 | D        | Reached XP level 11. HP: 48/48 MP: 15/15
    14 | D        | Reached XP level 12. HP: 52/52 MP: 16/16
    14 | D        | Reached XP level 13. HP: 56/56 MP: 17/17
    14 | D        | Killed a bag of meat
    14 | D        | Reached * piety under Makhleb
    14 | D        | Reached skill level 27 in Axes
    14 | D        | Reached skill level 5 in Fighting
    14 | D        | Reached skill level 9 in Dodging
    15 | D        | Noticed a meat berserker
    15 | D        | Killed a meat berserker
    15 | D        | Reached skill level 13 in Fighting
    15 | D        | Reached skill level 21 in Dodging
    15 | D        | Reached XP level 14. HP: 82/82 MP: 18/18
    16 | D        | Noticed a bag of meat
    16 | D        | Killed a bag of meat
    16 | D        | Reached skill level 15 in Fighting
    16 | D        | Reached skill level 24 in Dodging
    16 | D        | Reached XP level 15. HP: 91/91 MP: 19/19
    16 | D        | Reached ** piety under Makhleb
    16 | D        | Reached skill level 17 in Fighting
    16 | D        | Reached skill level 26 in Dodging
    17 | D        | Noticed a destroyer
    17 | D        | Killed a meat berserker
    17 | D        | Reached skill level 22 in Fighting
    17 | D        | Reached skill level 27 in Dodging
    17 | D        | Reached XP level 16. HP: 108/108 MP: 20/20
    17 | D        | Reached skill level 24 in Fighting
    18 | D        | Noticed a destroyer
    18 | D        | Killed a meat berserker
    18 | D        | Reached *** piety under Makhleb
    18 | D        | Reached skill level 27 in Fighting
    18 | D        | Reached skill level 13 in Stealth
    18 | D        | Reached skill level 11 in Evocations
    18 | D        | Reached XP level 17. HP: 121/121 MP: 20/26
    18 | D        | Reached skill level 19 in Stealth
    18 | D        | Reached skill level 16 in Evocations
    18 | D        | Reached skill level 23 in Stealth
    18 | D        | Reached skill level 20 in Evocations
    19 | D        | Noticed a meat berserker
    20 | D        | Noticed a meat berserker
    20 | D        | Killed a destroyer
    20 | D        | Reached **** piety under Makhleb
    20 | D        | Reached skill level 27 in Stealth
    20 | D        | Reached skill level 27 in Evocations
    20 | D        | Reached skill level 5 in Short Blades
    20 | D        | Reached skill level 5 in Throwing
    20 | D        | Reached skill level 3 in Armour
    20 | D        | Reached skill level 4 in Unarmed Combat
    20 | D        | Reached skill level 6 in Spellcasting
    20 | D        | Reached skill level 4 in Invocations
    20 | D        | Reached XP level 18. HP: 127/127 MP: 20/36
    21 | D        | Noticed a meat berserker
    21 | D        | Reached skill level 8 in Short Blades
    21 | D        | Reached skill level 8 in Throwing
    21 | D        | Reached skill level 6 in Armour
    21 | D        | Reached skill level 6 in Unarmed Combat
    21 | D        | Reached skill level 9 in Spellcasting
    21 | D        | Reached skill level 7 in Invocations
    22 | D        | Noticed a meat berserker
    22 | D        | Noticed a meat berserker
    22 | D        | Killed a meat berserker
    22 | D        | Reached skill level 12 in Short Blades
    22 | D        | Reached skill level 11 in Throwing
    22 | D        | Reached skill level 9 in Armour
    22 | D        | Reached skill level 10 in Unarmed Combat
    22 | D        | Reached skill level 13 in Spellcasting
    22 | D        | Reached skill level 11 in Invocations
    22 | D        | Reached skill level 14 in Short Blades
    22 | D        | Reached skill level 13 in Throwing
    22 | D        | Reached skill level 10 in Armour
    22 | D        | Reached skill level 11 in Unarmed Combat
    22 | D        | Reached skill level 15 in Spellcasting
    22 | D        | Reached skill level 12 in Invocations
    22 | D        | Reached XP level 19. HP: 132/132 MP: 20/39
    22 | D        | Reached ***** piety under Makhleb
    22 | D        | Reached skill level 15 in Short Blades
    22 | D        | Reached skill level 14 in Throwing
    22 | D        | Reached skill level 11 in Armour
    22 | D        | Reached skill level 12 in Unarmed Combat
    22 | D        | Reached skill level 16 in Spellcasting
    22 | D        | Reached skill level 14 in Invocations
    23 | D        | Noticed a meat berserker
    23 | D        | Killed a destroyer
    23 | D        | Reached skill level 17 in Short Blades
    23 | D        | Reached skill level 16 in Throwing
    23 | D        | Reached skill level 13 in Armour
    23 | D        | Reached skill level 14 in Unarmed Combat
    23 | D        | Reached skill level 19 in Spellcasting
    23 | D        | Reached skill level 16 in Invocations
    23 | D        | Killed a meat berserker
    23 | D        | Reached skill level 19 in Short Blades
    23 | D        | Reached skill level 18 in Throwing
    23 | D        | Reached skill level 14 in Armour
    23 | D        | Reached skill level 15 in Unarmed Combat
    23 | D        | Reached skill level 21 in Spellcasting
    23 | D        | Reached skill level 18 in Invocations
    23 | D        | Reached XP level 20. HP: 137/137 MP: 20/46
    23 | D        | Reached skill level 20 in Short Blades
    23 | D        | Reached skill level 15 in Armour
    23 | D        | Reached skill level 16 in Unarmed Combat
    24 | D        | Noticed a meat berserker
    25 | D        | Reached skill level 21 in Short Blades
    25 | D        | Reached skill level 19 in Throwing
    25 | D        | Reached skill level 17 in Unarmed Combat
    25 | D        | Reached skill level 22 in Spellcasting
    25 | D        | Reached skill level 19 in Invocations
    25 | D        | Reached skill level 20 in Throwing
    25 | D        | Reached skill level 16 in Armour
    25 | D        | Reached skill level 23 in Spellcasting
    25 | D        | Reached skill level 20 in Invocations
    26 | D        | Noticed a meat berserker
    26 | D        | Noticed a meat berserker
    27 | D        | Noticed a meat berserker
    27 | D        | Noticed a meat berserker
    27 | D        | Noticed a meat berserker
    28 | D        | Noticed a destroyer
    29 | D        | Killed a meat berserker
    29 | D        | Reached skill level 22 in Short Blades
    29 | D        | Reached skill level 21 in Throwing
    29 | D        | Reached skill level 17 in Armour
    29 | D        | Reached skill level 18 in Unarmed Combat
    29 | D        | Reached skill level 24 in Spellcasting
    29 | D        | Reached skill level 21 in Invocations
    29 | D        | Reached XP level 21. HP: 142/142 MP: 22/50
    29 | D        | Reached skill level 24 in Short Blades
    29 | D        | Reached skill level 22 in Throwing
    29 | D        | Reached skill level 18 in Armour
    29 | D        | Reached skill level 19 in Unarmed Combat
    29 | D        | Reached skill level 25 in Spellcasting
    29 | D        | Reached skill level 22 in Invocations
    29 | D        | Reached skill level 25 in Short Blades
    29 | D        | Reached skill level 23 in Throwing
    29 | D        | Reached skill level 19 in Armour
    29 | D        | Reached skill level 20 in Unarmed Combat
    29 | D        | Reached skill level 26 in Spellcasting
    29 | D        | Reached skill level 23 in Invocations
    31 | D        | Reached ****** piety under Makhleb
    31 | D        | Reached skill level 26 in Short Blades
    31 | D        | Reached skill level 24 in Throwing
    31 | D        | Reached skill level 21 in Unarmed Combat
    31 | D        | Reached skill level 27 in Spellcasting
    31 | D        | Reached skill level 24 in Invocations
    31 | D        | Reached XP level 22. HP: 148/148 MP: 22/54
    31 | D        | Reached skill level 27 in Short Blades
    31 | D        | Reached skill level 25 in Throwing
    31 | D        | Reached skill level 20 in Armour
    31 | D        | Reached skill level 22 in Unarmed Combat
    31 | D        | Reached skill level 25 in Invocations
    32 | D        | Noticed a destroyer
    33 | D        | Reached skill level 26 in Throwing
    33 | D        | Reached skill level 21 in Armour
    33 | D        | Reached skill level 23 in Unarmed Combat
    33 | D        | Reached skill level 26 in Invocations
    33 | D        | Reached skill level 27 in Throwing
    33 | D        | Reached skill level 23 in Armour
    33 | D        | Reached skill level 25 in Unarmed Combat
    33 | D        | Reached skill level 27 in Invocations
    33 | D        | Reached skill level 25 in Armour
    33 | D        | Reached skill level 27 in Unarmed Combat
    33 | D        | Reached XP level 23. HP: 153/153 MP: 22/55
    34 | D        | Noticed a destroyer
    35 | D        | Reached skill level 27 in Armour
    35 | D        | Reached XP level 24. HP: 158/158 MP: 23/55
    39 | D        | Killed a destroyer
    40 | D        | Reached XP level 25. HP: 163/163 MP: 24/55
    42 | D        | Noticed a destroyer
    42 | D        | Reached XP level 26. HP: 169/169 MP: 25/55
    42 | D        | Killed a destroyer
    44 | D        | Killed a destroyer
    44 | D        | Reached XP level 27. HP: 174/174 MP: 25/55
    48 | D        | Noticed a destroyer
    49 | D        | Killed a destroyer
    52 | D        | Killed a destroyer
    68 | D        | Noticed a destroyer
    70 | D        | Noticed a dread
    73 | D        | Noticed a tyrant
    74 | D        | Noticed an accursed
    76 | D        | Noticed a tyrant
    76 | D        | Noticed a destroyer
    77 | D        | Noticed a dread
    78 | D        | Noticed a destroyer
    83 | D        | Killed a destroyer
    84 | D        | Killed a tyrant
    84 | D        | Killed a destroyer
    87 | D        | HP: 37/174 [large bag of meat/exploding inner flame (54)]
    87 | D        | Killed a dread
    90 | D        | Noticed a meat beast
    92 | D        | Noticed an accursed
    92 | D        | Killed an accursed
    95 | D        | Killed a tyrant
    96 | D        | Killed a destroyer
    99 | D        | Noticed an accursed
    99 | D        | HP: 20/174 [large bag of meat/exploding inner flame (31)]
   101 | D        | Killed a meat beast
   102 | D        | Killed a dread
   102 | D        | Killed from afar by a wretched soul

Vault maps used:
D:        meatsprint

Skill      XL: |  1  2  3  4  5  6  7  8  9 10 11 12 13 14 15 16 17 18 19 20 21 22 23 |
---------------+----------------------------------------------------------------------+-----
Axes           | 25 27 | 27.0
Fighting       | 13 15 22 27 | 27.0
Dodging        | 21 24 27 | 27.0
Stealth        | 13 27 | 27.0
Evocations     | 11 27 | 27.0
Short Blades   | 5 14 19 22 26 27 | 27.0
Throwing       | 5 13 18 21 24 27 | 27.0
Armour         | 3 10 14 17 19 25 27 | 27.0
Unarmed Combat | 4 11 15 18 21 27 | 27.0
Spellcasting   | 6 15 21 24 27 | 27.0
Invocations    | 4 12 18 21 24 27 | 27.0

Action                   |  1- 3 |  4- 6 |  7- 9 | 10-12 | 13-15 | 16-18 | 19-21 | 22-24 | 25-27 || total
-------------------------+-------+-------+-------+-------+-------+-------+-------+-------+-------++-------
Melee: Broad axe         |     1 |       |       |       |     3 |     4 |     4 |     5 |    30 ||    47
Dodge: Dodged            |       |       |       |       |       |       |       |       |     1 ||     1

Vault maps used:
D:        meatsprint

Table legend:
 A = Turns spent in this place as a percentage of turns spent in the entire game.
 B = Non-inter-level travel turns spent in this place as a percentage of non-inter-level travel turns spent in the entire game.
 C = Inter-level travel turns spent in this place as a percentage of turns spent in this place.
 D = Turns resting spent in this place as a percentage of non-inter-level travel turns spent in this place.
 E = Turns spent auto-exploring this place as a percentage of non-inter-level travel turns spent in this place.
 F = Non-inter-level travel turns spent in this place divided by the number of levels of this place that you've seen.
                   A       B       C       D       E      F
               +-------+-------+-------+-------+-------+----------------------
         Total | 100.0 | 100.0 |   0.0 |   0.0 |   0.0 | 213.0
       Dungeon | 100.0 | 100.0 |   0.0 |   0.0 |   0.0 | 213.0
               +-------+-------+-------+-------+-------+----------------------

Table legend:
 A = Kills in this place as a percentage of kills in entire the game.
 B = Kills by you in this place as a percentage of kills by you in the entire game.
 C = Kills by friends in this place as a percentage of kills by friends in the entire game.
 D = Other kills in this place as a percentage of other kills in the entire game.
 E = Experience gained in this place as a percentage of experience gained in the entire game.
 F = Experience gained in this place divided by the number of levels of this place that you have seen.
                   A       B       C       D       E      F
               +-------+-------+-------+-------+-------+----------------------
         Total | 100.0 | 100.0 |  -nan |  -nan | 100.0 | 2732325.0
       Dungeon | 100.0 | 100.0 |  -nan |  -nan | 100.0 | 2732325.0
               +-------+-------+-------+-------+-------+----------------------
